[Event "Titled Tuesday Blitz May 9 Early 2023"]
[White "Schmakel, Sam"]
[Black "Maghsoodloo, Parham"]
[WhiteFideId "2039311"]
[BlackFideId "12539929"]
[WhiteElo "2356"]
[BlackElo "2655"]
[Result "0-1"]
[Round "03"]
[TimeControl "180+2"]
[Date "2023.05.09"]
[WhiteClock "0:00:01"]
[BlackClock "0:00:26"]

1. d4 Nf6 2. c4 e6 3. Nf3 Bb4+ 4. Bd2 a5 5. a3 Be7 6. Nc3 d5 7. g3 O-O 8. Bg2 Nbd7 9. c5 c6 10. b4 b6 11. O-O Ba6 12. Re1 Bc4 13. Bf4 axb4 14. axb4 Rxa1 15. Qxa1 Qa8 16. Nd2 b5 17. Nxc4 bxc4 18. b5 cxb5 19. Qxa8 Rxa8 20. Nxb5 h6 21. Rb1 g5 22. Bd6 Bxd6 23. Nxd6 Rb8 24. Ra1 Kf8 25. c6 Ke7 26. c7 Kxd6 27. cxb8=Q+ Nxb8 28. e3 Nc6 29. Kf1 Nd7 30. Ke2 f5 31. f4 g4 32. h3 h5 33. hxg4 hxg4 34. Kd2 Kc7 35. Rh1 Na7 36. Rh6 Kd6 37. Bf1 Nb5 38. Be2 Nb6 39. Rh8 Na4 40. Ra8 Nac3 41. Rb8 Ne4+ 42. Kc2 Nbc3 43. Bd1 Kc7 44. Rd8 Kxd8 0-1


[Site "https://www.chess.com"]

[Event "Titled Tuesday Blitz May 9 Early 2023"]
[White "Zhu, Jiner"]
[Black "Nguyen, Ngoc Truong Son"]
[WhiteFideId "8608059"]
[BlackFideId "12401110"]
[WhiteElo "2384"]
[BlackElo "2556"]
[Result "0-1"]
[Round "03"]
[TimeControl "180+2"]
[Date "2023.05.09"]
[WhiteClock "0:00:00"]
[BlackClock "0:00:08"]

1. c4 Nf6 2. Nc3 e6 3. e4 Nc6 4. Nf3 e5 5. d3 h6 6. g3 Bc5 7. Bg2 d6 8. h3 a6 9. a3 O-O 10. b4 Ba7 11. O-O Be6 12. Nd5 Nh7 13. Be3 Qd7 14. Kh2 Bxe3 15. Nxe3 Ng5 16. h4 Nxf3+ 17. Bxf3 Nd4 18. Bg4 Bxg4 19. Qxg4 Qxg4 20. Nxg4 f5 21. exf5 Rxf5 22. Ne3 Rf3 23. Kg2 Raf8 24. Ra2 Kh7 25. Rd2 c6 26. Re1 h5 27. Rb1 Kh6 28. Nf1 g5 29. hxg5+ Kxg5 30. Nh2 R3f5 31. Re1 h4 32. Re4 hxg3 33. fxg3 Rh8 34. Rg4+ Kf6 35. Rh4 Rxh4 36. gxh4 Kg6 37. Kh3 Ne6 38. Kg3 Kh5 39. Nf3 Rf8 40. Rg2 Nf4 41. Rd2 Rg8+ 42. Kf2 Rg2+ 43. Ke3 Rxd2 44. Kxd2 Kg4 45. Ke3 Nxd3 46. Kxd3 Kxf3 47. h5 e4+ 48. Kc2 e3 49. h6 e2 50. h7 e1=Q 51. h8=Q Qe4+ 52. Kb3 Qd3+ 53. Kb2 Qxc4 54. Qf8+ Ke4 55. Qxd6 Qd4+ 56. Qxd4+ Kxd4 57. Kb3 Kd3 58. Ka4 b6 59. Kb3 Kd4 60. a4 Kd3 61. a5 b5 62. Ka3 Kc3 0-1


[Site "https://www.chess.com"]

[Event "Titled Tuesday Blitz May 9 Early 2023"]
[White "Shimanov, Aleksandr"]
[Black "Leiva, Gianmarco"]
[WhiteFideId "4198603"]
[BlackFideId "3804399"]
[WhiteElo "2631"]
[BlackElo "2365"]
[Result "1-0"]
[Round "03"]
[TimeControl "180+2"]
[Date "2023.05.09"]
[WhiteClock "0:00:04"]
[BlackClock "0:00:00"]

1. c4 e6 2. g3 d5 3. Bg2 Nf6 4. Nf3 Be7 5. d4 O-O 6. Nc3 Nbd7 7. O-O dxc4 8. a4 a5 9. e4 Nb6 10. Qe2 c5 11. Rd1 cxd4 12. Nxd4 Bd7 13. Bg5 Nxe4 14. Nxe4 Bxg5 15. Nc5 Rc8 16. Ndxe6 Qe7 17. Nxd7 Nxd7 18. Nd4 Qxe2 19. Nxe2 Nc5 20. Rd5 Bf6 21. Nc3 Rfd8 22. h4 b6 23. Ra2 g6 24. Rxd8+ Rxd8 25. Nd5 Rd6 26. Ne3 c3 27. bxc3 Bxc3 28. Nc4 Rd1+ 29. Kh2 Bd4 30. Bc6 Ne6 31. Kg2 Rc1 32. Bb5 Bc5 33. Ne5 Nd4 34. Bc4 Bd6 35. Nxf7 Bc7 36. Bd5 Rc5 37. Re2 Rxd5 38. Nh6+ Kg7 39. Ng4 Rd7 40. Rd2 Rd8 41. Rd3 Nc6 42. Rc3 Rd6 43. Ne3 Bd8 44. Rc4 Bf6 45. Ng4 Ne5 46. Rc7+ Rd7 47. Nxf6 Rxc7 48. Ne8+ Kf7 49. Nxc7 Nd7 50. Kf3 Ke7 51. Ke4 Kd6 52. Nb5+ Kc5 53. Kd3 Kb4 54. Nd6 Nc5+ 55. Kd4 Nxa4 56. g4 Nc5 57. Nc4 b5 58. Ne5 a4 59. Nc6+ Kb3 60. Kxc5 a3 61. Nb4 1-0


[Site "https://www.chess.com"]

[Event "Titled Tuesday Blitz May 9 Early 2023"]
[White "Demchenko, Anton"]
[Black "Perez Gormaz, Matias"]
[WhiteFideId "4160258"]
[BlackFideId "3406342"]
[WhiteElo "2545"]
[BlackElo "2362"]
[Result "1-0"]
[Round "03"]
[TimeControl "180+2"]
[Date "2023.05.09"]
[WhiteClock "0:00:06"]
[BlackClock "0:00:01"]

1. e4 e5 2. Nf3 Nc6 3. Bc4 Bc5 4. d3 d6 5. c3 a5 6. d4 exd4 7. cxd4 Bb6 8. Nc3 Bg4 9. Be3 Nf6 10. Be2 O-O 11. h3 Bh5 12. O-O Re8 13. d5 Bxe3 14. dxc6 Ba7 15. cxb7 Rb8 16. Bb5 Re7 17. Bc6 Nd7 18. Nd5 Rxe4 19. Nxc7 Rc4 20. Qxd6 Bxf3 21. gxf3 Rxc6 22. Qxc6 Ne5 23. Qe4 Qxc7 24. Rac1 Qd8 25. Qxe5 Rxb7 26. Rfd1 Qf8 27. Qf5 g6 28. Qc8 Qxc8 29. Rxc8+ Kg7 30. Rc2 a4 31. Rd3 Bc5 32. Rxc5 1-0


[Site "https://www.chess.com"]

[Event "Titled Tuesday Blitz May 9 Early 2023"]
[White "Lavrik, Dmitry"]
[Black "Lenderman, Aleksandr"]
[WhiteFideId "24113190"]
[BlackFideId "2021285"]
[WhiteElo "2345"]
[BlackElo "2607"]
[Result "0-1"]
[Round "03"]
[TimeControl "180+2"]
[Date "2023.05.09"]
[WhiteClock "0:00:12"]
[BlackClock "0:01:02"]

1. c4 e6 2. g3 d5 3. Bg2 c6 4. b3 dxc4 5. bxc4 Qd4 6. Nc3 Qxc4 7. Nf3 Nf6 8. O-O Nbd7 9. Bb2 Qa6 10. e4 e5 11. d4 exd4 12. Nxd4 Ba3 13. Bxa3 Qxa3 14. Ncb5 cxb5 15. Nxb5 Qa5 16. Nd6+ Kf8 17. Rc1 Nb6 18. e5 Ne8 19. Qd4 Be6 20. Nxb7 Qxa2 21. Nd8 Bd5 22. Ra1 Qc4 23. Qxc4 Bxc4 24. Bxa8 Bxf1 25. Kxf1 Nxa8 26. e6 fxe6 27. Nxe6+ Ke7 28. Nf4 Nac7 29. Rxa7 Kd6 30. h4 Nf6 31. Ra2 Rb8 32. Rd2+ Kc6 33. Kg2 Nfd5 34. Nxd5 Nxd5 35. Rc2+ Kd6 36. Rd2 Ke6 37. Re2+ Kf7 38. Rd2 Nf6 39. Re2 Rb3 40. Rc2 h6 41. Re2 Kg6 42. Rc2 Ng4 43. Re2 Rb5 44. Rc2 Ne5 45. Re2 Kf5 46. Rc2 Nd3 47. Re2 Rb2 48. Rxb2 Nxb2 49. Kf3 Nd3 50. g4+ Ke5 51. Ke3 Nf4 0-1


[Site "https://www.chess.com"]

[Event "Titled Tuesday Blitz May 9 Early 2023"]
[White "Kramnik, Vladimir"]
[Black "Sammed Jaykumar, Shete"]
[WhiteFideId "4101588"]
[BlackFideId "5073421"]
[WhiteElo "2703"]
[BlackElo "2278"]
[Result "1-0"]
[Round "03"]
[TimeControl "180+2"]
[Date "2023.05.09"]
[WhiteClock "0:00:09"]
[BlackClock "0:00:00"]

1. c4 Nf6 2. Nc3 e5 3. Nf3 Nc6 4. g3 g6 5. Bg2 Bg7 6. O-O O-O 7. d3 d6 8. Rb1 h6 9. b4 Be6 10. b5 Ne7 11. a4 Qd7 12. Bb2 Bh3 13. Qc2 Qg4 14. Ne4 Nh5 15. Bxh3 Qxh3 16. Kh1 Qe6 17. Ned2 f5 18. d4 g5 19. dxe5 dxe5 20. c5 e4 21. Bxg7 Nxg7 22. Nd4 Qg6 23. f3 Nh5 24. fxe4 f4 25. g4 Nf6 26. h3 h5 27. Nf5 Rae8 28. e5 Nxf5 29. gxf5 Qf7 30. exf6 Rxe2 31. Qd3 Rfe8 32. Nf3 R2e3 33. Qc2 g4 34. hxg4 hxg4 35. Qg2 Qh5+ 36. Nh2 g3 37. Rb2 1-0


[Site "https://www.chess.com"]

[Event "Titled Tuesday Blitz May 9 Early 2023"]
[White "Djokic, Mihailo"]
[Black "Ibarra Jerez, Jose Carlos"]
[WhiteFideId "976440"]
[BlackFideId "2226332"]
[WhiteElo "2294"]
[BlackElo "2638"]
[Result "0-1"]
[Round "03"]
[TimeControl "180+2"]
[Date "2023.05.09"]
[WhiteClock "0:00:01"]
[BlackClock "0:00:17"]

1. d4 Nf6 2. Nf3 g6 3. g3 d6 4. Bg2 Bg7 5. O-O O-O 6. c4 Bf5 7. Nc3 Ne4 8. Nd5 c6 9. Ne3 Bd7 10. b3 f5 11. Bb2 Qc7 12. Qc2 Na6 13. a3 e5 14. Rad1 Rae8 15. b4 f4 16. dxe5 fxe3 17. Qxe4 exf2+ 18. Rxf2 dxe5 19. c5 Bf5 20. Qc4+ Be6 21. Qc2 Qe7 22. e4 Bg4 23. Rdf1 Nc7 24. a4 h6 25. Nh4 Rxf2 26. Rxf2 Kh7 27. h3 Bc8 28. Nf3 Rd8 29. Kh2 Ne6 30. Bxe5 Bxe5 31. Nxe5 Nd4 32. Rf7+ Qxf7 33. Nxf7 Nxc2 34. Nxd8 Nxb4 35. e5 Kg7 36. Be4 Na6 37. e6 Nxc5 38. e7 Bd7 39. Bc2 Kf6 40. a5 Kxe7 41. a6 Kxd8 42. axb7 Nxb7 43. Bxg6 0-1


[Site "https://www.chess.com"]

[Event "Titled Tuesday Blitz May 9 Early 2023"]
[White "Srihari L R"]
[Black "Aravindh, Chithambaram VR."]
[WhiteFideId "46617116"]
[BlackFideId "5072786"]
[WhiteElo "2334"]
[BlackElo "2596"]
[Result "0-1"]
[Round "03"]
[TimeControl "180+2"]
[Date "2023.05.09"]
[WhiteClock "0:00:01"]
[BlackClock "0:00:43"]

1. d4 d5 2. c4 e5 3. dxe5 d4 4. Nf3 Nc6 5. a3 Nge7 6. b4 Bg4 7. Bb2 Ng6 8. Nxd4 Ncxe5 9. Qc2 c5 10. bxc5 Bxc5 11. e3 O-O 12. Nd2 Re8 13. N2b3 Bxd4 14. Bxd4 Rc8 15. h3 Be6 16. Be2 Bxc4 17. O-O Bd3 18. Bxd3 Rxc2 19. Bxc2 Nf3+ 20. gxf3 Nh4 21. Kh1 Qc8 22. Kh2 Qxc2 23. Nc5 Nxf3+ 24. Kg2 Nxd4 25. exd4 b6 26. Rac1 Qf5 0-1


[Site "https://www.chess.com"]

[Event "Titled Tuesday Blitz May 9 Early 2023"]
[White "Volkov, Maksim"]
[Black "Gurel, Ediz"]
[WhiteFideId "54123070"]
[BlackFideId "44507356"]
[WhiteElo "2297"]
[BlackElo "2352"]
[Result "0-1"]
[Round "03"]
[TimeControl "180+2"]
[Date "2023.05.09"]
[WhiteClock "0:00:01"]
[BlackClock "0:00:51"]

1. d4 d6 2. Nf3 Nf6 3. c4 g6 4. Nc3 Bg7 5. g3 O-O 6. Bg2 Nc6 7. O-O e5 8. dxe5 dxe5 9. Bg5 Be6 10. Qc1 Qe8 11. b3 Nd7 12. Bh6 f6 13. Rd1 Qf7 14. Bxg7 Kxg7 15. Nd2 f5 16. Qb2 h6 17. Nb5 Rfc8 18. Nf1 a6 19. Nc3 Nf6 20. Nd5 Rd8 21. Nfe3 Nd4 22. Nxf6 Qxf6 23. Bxb7 e4 24. Kf1 f4 25. Nd5 Bh3+ 26. Ke1 Nf3+ 27. exf3 Qxb2 28. Nxf4 Qc3+ 29. Ke2 exf3+ 0-1


[Site "https://www.chess.com"]

[Event "Titled Tuesday Blitz May 9 Early 2023"]
[White "Pranav, V"]
[Black "Yuan, Qingyu"]
[WhiteFideId "25060783"]
[BlackFideId "8609772"]
[WhiteElo "2515"]
[BlackElo "2359"]
[Result "1/2-1/2"]
[Round "03"]
[TimeControl "180+2"]
[Date "2023.05.09"]
[WhiteClock "0:00:05"]
[BlackClock "0:00:10"]

1. e4 c6 2. Nf3 d5 3. e5 Bg4 4. h3 Bxf3 5. Qxf3 e6 6. d4 Nd7 7. c3 Ne7 8. Bd3 c5 9. O-O Nc6 10. Bb5 Qb6 11. Bxc6 bxc6 12. Rd1 cxd4 13. cxd4 c5 14. dxc5 Bxc5 15. Qg3 O-O 16. Nc3 Rfc8 17. Na4 Qb8 18. Nxc5 Rxc5 19. Be3 Rc2 20. Bd4 Qb5 21. Qb3 Qxb3 22. axb3 Rc7 23. Ra3 Nb8 24. f4 Kf8 25. b4 Nd7 26. Rda1 Ke8 27. Bxa7 Rb7 28. Ra4 Nb6 29. Ra6 Nd7 30. R1a4 Nb8 31. Bxb8 Raxb8 32. Ra8 Rxa8 33. Rxa8+ Kd7 34. Rg8 g6 35. Rg7 Ke7 36. Rxh7 Rxb4 37. g3 Rxb2 38. h4 d4 39. Kf1 Rh2 40. Rh8 d3 41. Ke1 Rg2 42. h5 gxh5 43. Rxh5 Rxg3 44. Kd2 Rf3 45. Rh4 Kd7 46. Rh7 Ke8 47. Rh8+ Kd7 48. Ra8 Kc6 49. Ra7 Rxf4 50. Kxd3 Rf1 51. Ke4 Kc5 52. Rc7+ Kb6 53. Re7 Kc6 54. Ra7 Rf5 55. Ra6+ Kc5 56. Ra5+ Kb4 57. Ra7 Kc3 58. Rc7+ Kd2 59. Ra7 Ke1 60. Ra2 Kf1 61. Rb2 Rf2 62. Rb8 Ke2 63. Rb2+ Kf1 64. Rb8 Rf5 65. Rb2 Kg1 66. Rc2 Rf2 67. Rc8 Kg2 68. Rg8+ Kf1 69. Rb8 1/2-1/2


[Site "https://www.chess.com"]

[Event "Titled Tuesday Blitz May 9 Early 2023"]
[White "Sjugirov, Sanan"]
[Black "Parkhov, Yair"]
[WhiteFideId "4189302"]
[BlackFideId "2813408"]
[WhiteElo "2569"]
[BlackElo "2421"]
[Result "1-0"]
[Round "03"]
[TimeControl "180+2"]
[Date "2023.05.09"]
[WhiteClock "0:00:08"]
[BlackClock "0:00:27"]

1. e4 d6 2. d4 Nf6 3. Bd3 Nc6 4. c3 e5 5. Nf3 Bg4 6. d5 Ne7 7. h3 Bd7 8. c4 Ng6 9. Nc3 Be7 10. Be3 O-O 11. g3 h6 12. Nd2 a5 13. Qe2 b6 14. O-O-O Qc8 15. Qf1 a4 16. a3 c6 17. dxc6 Bxc6 18. Kb1 Qb7 19. f4 Rfc8 20. f5 Nf8 21. g4 N8d7 22. Rc1 Nc5 23. Bxc5 bxc5 24. Rg1 Rcb8 25. Rc2 Nh7 26. Qf2 Bg5 27. h4 Bf4 28. Nf3 f6 29. Ne1 Ra6 30. Ng2 Rb6 31. Nxf4 exf4 32. Nb5 Bxe4 33. Bxe4 Qxe4 34. Re1 Qd3 35. Qxf4 Nf8 36. Re3 Qf1+ 37. Qxf1 1-0


[Site "https://www.chess.com"]

[Event "Titled Tuesday Blitz May 9 Early 2023"]
[White "Mitrabha, Guha"]
[Black "Khumalo, Keith"]
[WhiteFideId "5057000"]
[BlackFideId "14319470"]
[WhiteElo "2507"]
[BlackElo "2056"]
[Result "1-0"]
[Round "03"]
[TimeControl "180+2"]
[Date "2023.05.09"]
[WhiteClock "0:02:02"]
[BlackClock "0:02:35"]

1. Nf3 c5 2. g3 Nc6 3. Bg2 e5 4. O-O d5 5. c4 d4 6. e3 Bd6 7. d3 Nge7 8. exd4 cxd4 9. Na3 a6 10. Nc2 Rb8 11. b4 b5 12. c5 Bc7 13. a4 O-O 14. axb5 axb5 15. Nd2 h6 16. Re1 Be6 17. Ne4 Nd5 18. Bd2 f5 19. Nd6 Bxd6 20. cxd6 Qxd6 21. Ra6 Rb6 22. Qa1 Rfb8 23. Qa3 Bf7 24. Na1 Ncxb4 25. Bxd5 Rxa6 26. Bxf7+ Kxf7 27. Bxb4 Rxa3 28. Bxd6 Rxa1 29. Rxa1 1-0


[Site "https://www.chess.com"]

[Event "Titled Tuesday Blitz May 9 Early 2023"]
[White "Simonian, Hrair"]
[Black "Kamsky, Gata"]
[WhiteFideId "13302337"]
[BlackFideId "2000024"]
[WhiteElo "2447"]
[BlackElo "2660"]
[Result "1/2-1/2"]
[Round "03"]
[TimeControl "180+2"]
[Date "2023.05.09"]
[WhiteClock "0:01:08"]
[BlackClock "0:01:23"]

1. e4 e5 2. Nf3 Nc6 3. Bb5 a6 4. Ba4 Nf6 5. O-O Be7 6. Bxc6 dxc6 7. d3 Nd7 8. Nbd2 O-O 9. Nc4 Bd6 10. d4 exd4 11. Nxd6 cxd6 12. Qxd4 Qf6 13. Rd1 Ne5 14. Nxe5 dxe5 15. Qe3 Qg6 16. b3 Be6 17. Ba3 Rfe8 18. Rd6 f6 19. Rad1 h5 20. h3 a5 21. Bc5 a4 22. Bb6 axb3 23. axb3 Kh7 24. Rd8 Rexd8 25. Rxd8 Rxd8 26. Bxd8 1/2-1/2


[Site "https://www.chess.com"]

[Event "Titled Tuesday Blitz May 9 Early 2023"]
[White "Quesada Perez, Yuniesky"]
[Black "Manukyan, Sargis A."]
[WhiteFideId "3504409"]
[BlackFideId "13303970"]
[WhiteElo "2585"]
[BlackElo "2187"]
[Result "1-0"]
[Round "03"]
[TimeControl "180+2"]
[Date "2023.05.09"]
[WhiteClock "0:00:10"]
[BlackClock "0:00:17"]

1. e4 c5 2. Nf3 d6 3. d4 cxd4 4. Nxd4 Nf6 5. Nc3 g6 6. Be3 Bg7 7. f3 O-O 8. Qd2 Nc6 9. O-O-O d5 10. Nxc6 bxc6 11. Bc4 e6 12. Bb3 a5 13. h4 Nd7 14. Bh6 Qf6 15. h5 Nc5 16. Bxg7 Qxg7 17. hxg6 hxg6 18. Na4 Nxa4 19. Bxa4 Rb8 20. c3 c5 21. Rh4 dxe4 22. fxe4 Bb7 23. Rdh1 Rfd8 24. Qg5 Rbc8 25. e5 Rd5 26. Qf6 Qxf6 27. exf6 Rh5 28. Rxh5 gxh5 29. Rxh5 Be4 30. Bc2 Bd5 31. Rg5+ Kf8 32. Bh7 Ke8 33. Rg8+ Kd7 34. Rg7 e5 35. Bf5+ Be6 36. Rxf7+ Kd6 37. Bxe6 Kxe6 38. Ra7 Kxf6 39. Rxa5 Kf5 40. Kd2 Ke4 41. Ra4+ Kf5 42. g4+ Ke6 43. Ke3 Rh8 44. Ke4 Rg8 45. Ra6+ Kd7 46. Kxe5 Rxg4 47. Kd5 Rg5+ 48. Kc4 Kc7 49. Kb5 Rg2 50. b3 Rg5 51. c4 Kb7 52. Rc6 Rg2 53. Rxc5 Rxa2 54. Rh5 Rg2 55. Rh7+ Kc8 56. b4 Rg6 57. c5 Rf6 58. c6 Rg6 59. Kb6 Rg8 60. Ra7 Kb8 61. c7+ Kc8 62. Ra8+ Kd7 63. Rxg8 Ke7 64. c8=Q Kd6 65. Rg6+ Ke7 66. Re6+ Kf7 67. Qd7+ Kg8 68. Re8# 1-0


[Site "https://www.chess.com"]

[Event "Titled Tuesday Blitz May 9 Early 2023"]
[White "Tasev, Dejan"]
[Black "Zhigalko, Sergei"]
[WhiteFideId "936618"]
[BlackFideId "13502956"]
[WhiteElo "2244"]
[BlackElo "2626"]
[Result "0-1"]
[Round "03"]
[TimeControl "180+2"]
[Date "2023.05.09"]
[WhiteClock "0:00:07"]
[BlackClock "0:00:13"]

1. e4 c5 2. Nf3 Nc6 3. Nc3 Nf6 4. d4 cxd4 5. Nxd4 e5 6. Ndb5 d6 7. Bg5 a6 8. Na3 b5 9. Nd5 Be7 10. Bxf6 Bxf6 11. c3 Bg5 12. Nc2 Ne7 13. Nce3 Bxe3 14. Nxe3 Bb7 15. Bd3 d5 16. exd5 Nxd5 17. Nxd5 Qxd5 18. Qe2 O-O 19. f3 Qc5 20. Qf2 Qc7 21. O-O Rad8 22. Rad1 Bd5 23. Bb1 g6 24. Rfe1 Bc4 25. h4 Rxd1 26. Rxd1 Rd8 27. Rd2 Rd6 28. b3 Be6 29. Rxd6 Qxd6 30. Bc2 Qa3 31. Qd2 Qxa2 32. b4 h5 33. Kf2 Kg7 34. Qe2 Qd5 35. Be4 Qd6 36. Qe3 Qd8 37. g3 Qc7 38. Bc2 Bc4 39. Be4 a5 40. bxa5 Qxa5 41. Bc2 Qc7 42. Be4 Qd6 43. f4 Qf6 44. Bc2 exf4 45. gxf4 Qxh4+ 46. Kg1 Qf6 47. Kf2 Be6 48. Qe5 Qxe5 49. fxe5 Bc4 50. Ke3 g5 51. Bf5 f6 52. e6 Kf8 53. Bg6 h4 54. Bf5 Ke7 55. Kd4 Bxe6 56. Bd3 Bc4 57. Be4 Ke6 58. Bb7 f5 59. Bc8+ Kf6 60. Bb7 g4 61. Ke3 Ke5 62. Bc8 f4+ 63. Kf2 g3+ 64. Kf3 Bd5+ 65. Ke2 f3+ 66. Ke3 f2 67. Bh3 Bc4 0-1


[Site "https://www.chess.com"]

[Event "Titled Tuesday Blitz May 9 Early 2023"]
[White "Livaic, Leon"]
[Black "Sahib Singh"]
[WhiteFideId "14531534"]
[BlackFideId "25618342"]
[WhiteElo "2522"]
[BlackElo "1934"]
[Result "0-1"]
[Round "03"]
[TimeControl "180+2"]
[Date "2023.05.09"]
[WhiteClock "0:00:03"]
[BlackClock "0:00:05"]

1. d4 d5 2. c4 e6 3. Nc3 c6 4. Nf3 dxc4 5. e3 b5 6. a4 Bb4 7. Bd2 a5 8. axb5 Bxc3 9. Bxc3 cxb5 10. b3 Bb7 11. bxc4 b4 12. Bb2 Nf6 13. Bd3 O-O 14. O-O Nbd7 15. Re1 Qc7 16. e4 e5 17. c5 Rfe8 18. Rc1 exd4 19. c6 Bxc6 20. Bb5 Re6 21. Nxd4 Nb8 22. Nxe6 fxe6 23. Bxf6 gxf6 24. Qc2 a4 25. Bxc6 b3 26. Qb2 Nxc6 27. Qxf6 Qe5 28. Qf3 Nd4 29. Qg4+ Qg7 30. Qf4 b2 31. Rc7 Ne2+ 32. Rxe2 b1=Q+ 33. Rc1 Qb5 34. Rec2 Qbg5 35. Rc8+ Qd8 36. Rxd8+ Rxd8 37. e5 a3 38. Qa4 Qd7 39. Qb3 Qd5 40. Qg3+ Kh8 41. h3 a2 42. Qc3 Qd1+ 43. Kh2 Qd5 44. Ra1 Ra8 45. Qg3 Qe4 46. Qg5 Qd5 47. Qf6+ Kg8 48. Qg5+ Kh8 49. Qf6+ Kg8 50. Qf4 Ra5 51. Qg5+ Kh8 52. Qf6+ Kg8 53. Qg5+ Kf7 54. Qf6+ Kg8 55. f4 Ra7 56. Qg5+ Rg7 57. Qh4 Qxg2# 0-1


[Site "https://www.chess.com"]

[Event "Titled Tuesday Blitz May 9 Early 2023"]
[White "Piesik, Piotr"]
[Black "Bacrot, Etienne"]
[WhiteFideId "1136194"]
[BlackFideId "605506"]
[WhiteElo "2299"]
[BlackElo "2672"]
[Result "0-1"]
[Round "03"]
[TimeControl "180+2"]
[Date "2023.05.09"]
[WhiteClock "0:00:03"]
[BlackClock "0:00:05"]

1. d4 Nf6 2. c4 e6 3. Nc3 d5 4. cxd5 exd5 5. Bg5 c6 6. e3 Bf5 7. Qf3 Bg6 8. Bxf6 Qxf6 9. Qxf6 gxf6 10. Nf3 a5 11. Nh4 a4 12. a3 Be7 13. Ne2 Ra5 14. Ng3 Nd7 15. Ngf5 Nb6 16. Bd3 Nc4 17. Rb1 Rb5 18. Ke2 Rxb2+ 19. Rxb2 Nxb2 20. Rb1 Nxd3 21. Kxd3 b5 22. Rc1 Kd7 23. Rc3 Bd6 24. f3 Ra8 25. e4 dxe4+ 26. fxe4 b4 27. axb4 Bxb4 28. Rc1 a3 29. Kc4 Bf8 30. Ra1 Rb8 31. Nf3 Rb2 32. g4 Rf2 33. Ne1 Rxh2 34. Nd3 Re2 35. e5 Bxf5 36. gxf5 a2 37. exf6 Bd6 38. Kb3 h5 39. Rxa2 Rxa2 40. Kxa2 h4 41. Nf2 Bg3 42. Nh3 Kd6 43. Kb3 Kd5 44. Kc3 Bc7 45. Kd3 Bg3 46. Ke3 Bh2 47. Kd3 Bd6 48. Ng5 Bf4 49. Nh3 Bh6 50. Nf2 Bg5 51. Ng4 h3 52. Ke2 Ke4 53. Kf2 Kxf5 54. Kg3 Bxf6 55. Kxh3 Bxd4 56. Kg3 Ke4 57. Kg2 f5 58. Nh2 c5 59. Nf3 c4 60. Ng5+ Kd3 61. Kf3 c3 62. Ne6 Be3 63. Nc7 c2 64. Nd5 c1=Q 0-1


[Site "https://www.chess.com"]

[Event "Titled Tuesday Blitz May 9 Early 2023"]
[White "brm72"]
[Black "Grigoriants, Sergey"]
[BlackFideId "4130804"]
[WhiteElo "2598"]
[BlackElo "2502"]
[Result "0-1"]
[Round "03"]
[TimeControl "180+2"]
[Date "2023.05.09"]
[WhiteClock "0:00:00"]
[BlackClock "0:00:12"]

1. e4 c5 2. Nf3 Nc6 3. Bb5 e6 4. O-O Nge7 5. Re1 a6 6. Bf1 b6 7. c3 d5 8. exd5 Nxd5 9. d4 cxd4 10. Nxd4 Bb7 11. g3 Bc5 12. Nxc6 Bxc6 13. Bg2 O-O 14. Nd2 Qc7 15. Ne4 Be7 16. Bg5 Rad8 17. Bxe7 Nxe7 18. Qc2 Qb7 19. Ng5 g6 20. Bxc6 Qxc6 21. Rad1 b5 22. Qe4 Qxe4 23. Nxe4 Kg7 24. Kg2 Nd5 25. Kf3 Rc8 26. Rd4 Rc6 27. a4 Rb8 28. a5 h6 29. h4 f5 30. Nd2 Kf6 31. Nf1 Rc4 32. Red1 Rxd4 33. Rxd4 Ke5 34. Ne3 g5 35. hxg5 hxg5 36. Nxd5 exd5 37. Ke3 Rh8 38. Rd1 Rh2 39. Re1 Kd6 40. Kf3 g4+ 41. Ke3 Kc5 42. Re2 Kc4 43. Rd2 Kb3 44. Kf4 b4 45. cxb4 Kxb4 46. Kxf5 Kxa5 47. Kxg4 Kb4 48. Kf3 Kc4 49. g4 d4 50. g5 d3 51. g6 Rh6 52. Ke3 Rxg6 53. Rxd3 Re6+ 54. Kd2 Rf6 55. Rc3+ Kd4 56. f3 a5 57. Ke2 a4 58. Kf2 Rb6 59. Kg3 Rxb2 60. Ra3 Rb4 61. f4 Rb3+ 62. Rxb3 axb3 63. f5 b2 64. f6 b1=Q 65. Kg4 Qg6+ 66. Kh4 Qxf6+ 0-1


[Site "https://www.chess.com"]

[Event "Titled Tuesday Blitz May 9 Early 2023"]
[White "Lorenzo De La Riva, Lazaro"]
[Black "Ivic, Velimir"]
[WhiteFideId "2268809"]
[BlackFideId "950122"]
[WhiteElo "2294"]
[BlackElo "2563"]
[Result "1/2-1/2"]
[Round "03"]
[TimeControl "180+2"]
[Date "2023.05.09"]
[WhiteClock "0:00:15"]
[BlackClock "0:00:15"]

1. e4 c5 2. Nf3 d6 3. d4 cxd4 4. Nxd4 Nf6 5. Nc3 a6 6. h3 e5 7. Nde2 h5 8. g3 Be6 9. Bg2 Nbd7 10. a4 Be7 11. Be3 Rc8 12. b3 Nf8 13. f4 exf4 14. gxf4 Ng6 15. f5 Nh4 16. Rg1 Bd7 17. Bh1 Bc6 18. Qd2 Nd7 19. O-O-O Ne5 20. Nd4 b5 21. Bg5 bxa4 22. Bxe7 Qxe7 23. Nxc6 Rxc6 24. Nd5 Qb7 25. b4 Nhf3 26. Bxf3 Nxf3 27. Qg2 Nxg1 28. Qxg7 Ne2+ 29. Kd2 Rf8 30. Nf6+ Ke7 31. Nd5+ Ke8 32. Nf6+ Ke7 33. Nd5+ Ke8 1/2-1/2


[Site "https://www.chess.com"]

[Event "Titled Tuesday Blitz May 9 Early 2023"]
[White "Salinas Herrera, Pablo"]
[Black "Agibileg, Uurtsaikh"]
[WhiteFideId "3407128"]
[BlackFideId "4901606"]
[WhiteElo "2546"]
[BlackElo "2353"]
[Result "1-0"]
[Round "03"]
[TimeControl "180+2"]
[Date "2023.05.09"]
[WhiteClock "0:00:10"]
[BlackClock "0:00:18"]

1. e4 c5 2. Nf3 e6 3. g3 Nc6 4. Bg2 Nf6 5. Qe2 e5 6. O-O Be7 7. b3 O-O 8. Bb2 d6 9. d3 h6 10. Nh4 Re8 11. Nd2 Be6 12. f4 exf4 13. gxf4 Nxe4 14. Nxe4 Bxh4 15. f5 Bd7 16. Qg4 Ne5 17. Qh5 Bf6 18. Nxd6 Nf3+ 19. Bxf3 Bxb2 20. Qxf7+ Kh8 21. f6 Qxf6 22. Qxd7 Qd4+ 23. Kh1 Bxa1 24. Nf7+ Kh7 25. Qxb7 Rab8 26. Be4+ Kg8 27. Nxh6+ gxh6 28. Qh7# 1-0


[Site "https://www.chess.com"]

[Event "Titled Tuesday Blitz May 9 Early 2023"]
[White "Sharapov, Evgeny"]
[Black "Ohanyan, Emin"]
[WhiteFideId "14103133"]
[BlackFideId "13312022"]
[WhiteElo "2367"]
[BlackElo "2411"]
[Result "1-0"]
[Round "03"]
[TimeControl "180+2"]
[Date "2023.05.09"]
[WhiteClock "0:00:43"]
[BlackClock "0:00:03"]

1. e4 e5 2. Nf3 Nc6 3. Bb5 f5 4. Bxc6 bxc6 5. Nxe5 Qf6 6. d4 fxe4 7. O-O Bd6 8. Nc3 Bxe5 9. Qh5+ Qg6 10. Qxg6+ hxg6 11. dxe5 Rh5 12. Bf4 Rb8 13. b3 Rf5 14. Bg3 e3 15. fxe3 Ba6 16. Rxf5 gxf5 17. e6 d6 18. e4 fxe4 19. Nxe4 Ke7 20. Re1 Nf6 21. Bh4 Rh8 22. Bxf6+ gxf6 23. Ng3 Rg8 24. Nf5+ Ke8 25. h3 Bc8 26. g4 c5 27. Kf2 Kd8 28. Kg3 Re8 29. e7+ Kd7 30. h4 Bb7 31. h5 Bd5 32. h6 Bg8 33. Kf4 Bh7 34. g5 fxg5+ 35. Kxg5 Rg8+ 36. Ng7 1-0


[Site "https://www.chess.com"]

[Event "Titled Tuesday Blitz May 9 Early 2023"]
[White "Sieciechowicz, Marcin"]
[Black "ArtemDyachuk"]
[WhiteFideId "1130170"]
[WhiteElo "2302"]
[BlackElo "2544"]
[Result "1/2-1/2"]
[Round "03"]
[TimeControl "180+2"]
[Date "2023.05.09"]
[WhiteClock "0:00:11"]
[BlackClock "0:00:04"]

1. d4 Nf6 2. Bf4 e6 3. e3 c5 4. c3 b6 5. Nf3 Bb7 6. Bd3 Nc6 7. O-O Be7 8. h3 O-O 9. Qe2 Re8 10. Ba6 Qc8 11. Bxb7 Qxb7 12. Nbd2 Bf8 13. Rfd1 d6 14. a4 e5 15. dxe5 dxe5 16. Bg5 e4 17. Nh2 Nd7 18. Nc4 Nde5 19. Nxe5 Nxe5 20. Ng4 Nd3 21. f3 c4 22. fxe4 Qxe4 23. Nf2 Qg6 24. Bh4 Qh6 25. Nxd3 cxd3 26. Qg4 Qxe3+ 27. Bf2 Qe2 28. Qxe2 dxe2 29. Rd7 Rad8 30. Rxd8 Rxd8 31. Re1 Rd1 32. g3 Rd2 33. b4 Rc2 34. Bd4 Bd6 35. Kf2 f5 36. g4 fxg4 37. hxg4 Kf7 38. Rxe2 Rxe2+ 39. Kxe2 g6 40. Kf3 Ke6 41. b5 Kd5 42. a5 Kc4 43. axb6 axb6 44. Bxb6 Kxb5 45. Bd4 Kc4 46. Ke4 h5 47. gxh5 gxh5 48. Kf3 Ba3 49. Kg3 Bb2 50. Kh4 Bxc3 51. Bxc3 Kxc3 52. Kh3 Kd4 53. Kh4 Ke5 54. Kxh5 1/2-1/2


[Site "https://www.chess.com"]